 Dungeon Crawl Stone Soup version 0.27-b1-41-gafb5482f4b (webtiles) character file.

Game seed: 14562743255087395663

447 Urokeeper the Sneak (level 7, -2/45 HPs)
             Began as an Octopode Brigand on July 28, 2021.
             Slain by a gnoll (5 damage)
             ... on level 5 of the Dungeon.
             The game lasted 00:27:10 (4480 turns).

Urokeeper the Sneak (Octopode Brigand)              Turns: 4480, Time: 00:27:10

Health: -2/45      AC:  1    Str: 10    XL:     7   Next: 3%
Magic:  7/7        EV: 14    Int: 13    God:
Gold:   151        SH:  0    Dex: 22    Spells: 6/6 levels left

rFire    + . .     SeeInvis .   a - +2 dagger
rCold    + . .     Faith    .   (no shield)
rNeg     . . .     Spirit   .   (helmet restricted)
rPois    +         Reflect  .   (no amulet)
rElec    +         Harm     .   b - +6 ring of dexterity
rCorr    +         Rampage  .   (no ring)
Will     .....                  (no ring)
Stlth    +++++.....             (no ring)
HPRegen  0.15/turn              (no ring)
MPRegen  0.10/turn              (no ring)
                                (no ring)
                                (no ring)

@: mighty, resistant
A: almost no armour, amphibious, 8 rings, camouflage 1, gelatinous body 1,
(nimble swimmer 1), tentacles
a: no special abilities


You were on level 5 of the Dungeon.
You visited 1 branch of the dungeon, and saw 6 of its levels.

You collected 151 gold pieces.

Inventory:

Hand Weapons
 a - a +2 dagger (weapon)
 c - a +3 hand axe of holy wrath
Missiles
 i - 49 stones (quivered)
Armour
 p - a scarf of invisibility
Jewellery
 b - a +6 ring of dexterity (left tentacle)
Scrolls
 d - 4 scrolls of teleportation {unknown}
 k - a scroll of fog {unknown}
 l - a scroll of torment {unknown}
 o - 2 scrolls of identify {unknown}
Potions
 e - a potion of cancellation {unknown}
 f - a potion of heal wounds {unknown}
 g - a potion of brilliance {unknown}
 h - a potion of attraction {unknown}
 j - a potion of might
 m - a potion of resistance
 n - a potion of curing {unknown}


   Skills:
 + Level 2.9 Fighting
 + Level 3.7 Short Blades
 + Level 4.4 Throwing
 + Level 2.1 Dodging
 + Level 7.4 Stealth


You had 6 spell levels left.
You didn't know any spells.
Your spell library was empty.

Dungeon Overview and Level Annotations

Branches:
Dungeon (6/15)
 Temple: D:4-7

Altars:
Gozag
Makhleb
Vehumet
Wu Jian

Shops:
D:1 *   D:3 (

Annotations:
D:4 Natasha, Pikel


Innate Abilities, Weirdness & Mutations

You cannot wear most types of armour.
You are amphibious.
You can wear up to eight rings at the same time.
Your skin changes colour to match your surroundings (Stealth+).
Your rubbery body absorbs attacks. (AC +1, EV +1)
((You are camouflaged near water. (Stealth+)))
You have tentacles for arms and can constrict up to eight enemies at once.


Message History

The orc wizard casts a spell.
The orc wizard flickers and vanishes!
Deactivating autopickup; reactivate with Ctrl-A.
The orc priest invokes the aid of Beogh against you.
Beogh smites you!
There is a stone staircase leading up here.
The bullfrog barely misses you. x2
You climb upwards.
Reactivating autopickup.
A gnoll comes into view. It is wielding a +2 vorpal spear.
Found a metallic brown potion.
There is a stone staircase leading down here.
You barely miss the bullfrog. You grab the bullfrog.
You constrict the bullfrog. The bullfrog closely misses you.
You release your grip on the bullfrog.
The bullfrog barely misses you.
You barely miss the bullfrog. Your grab misses the bullfrog.
You squeeze the bullfrog!
The bullfrog is heavily wounded.
The bullfrog closely misses you.
You hit the bullfrog. Your grab misses the bullfrog. You squeeze the bullfrog.
The bullfrog is severely wounded.
The bullfrog hits you but does no damage.
The gnoll hits you from afar with a +2 vorpal spear.
* * * LOW HITPOINT WARNING * * *
x2 The bullfrog misses you.
You barely miss the bullfrog. You grab the bullfrog.
The bullfrog is severely wounded.
You constrict the bullfrog. The bullfrog hits you.
* * * LOW HITPOINT WARNING * * *
The gnoll closely misses you.
You release your grip on the bullfrog.
The bullfrog misses you.
It was a potion of might.
You feel very mighty all of a sudden. The bullfrog misses you.
The gnoll barely misses you.
It was a potion of resistance.
You feel protected. The bullfrog hits you.
* * * LOW HITPOINT WARNING * * *
The gnoll hits you from afar with a +2 vorpal spear.
You die...

# #
....#.#############
#!...>.gF@.......
......#############
####. #


You could see a bullfrog and a gnoll.

Vanquished Creatures
  A bullfrog (D:3)
  A scorpion (D:2)
  2 hounds (D:3)
  A bullfrog skeleton (D:4)
  An orc priest (D:2)
  An orc wizard (D:2)
  Natasha (twice) (D:4)
  A gnoll (D:3)
  3 adders
  An ufetubus (D:4)
  3 dart slugs
  5 orcs
  6 ball pythons
  2 bats
  10 endoplasms
  3 giant cockroaches
  9 goblins
  8 hobgoblins
  8 jackals
  8 kobolds
  2 quokkas (D:2)
  6 rats
84 creatures vanquished.

Vanquished Creatures (others)
  A fungus (D:1)
  6 plants
7 creatures vanquished.

Grand Total: 91 creatures vanquished

Notes
Turn   | Place    | Note
-------+----------+-------------------------------------------
     0 | D:1      | Urokeeper the Octopode Brigand began the quest for the Orb.
     0 | D:1      | Reached XP level 1. HP: 14/14 MP: 1/1
    91 | D:1      | Reached XP level 2. HP: 11/19 MP: 2/2
   322 | D:1      | Found a faded altar of an unknown god.
   350 | D:1      | Reached skill level 6 in Stealth
   417 | D:1      | Found Etoehasy's Assorted Antiques.
   633 | D:1      | Reached XP level 3. HP: 24/24 MP: 3/3
  1456 | D:2      | Reached XP level 4. HP: 18/29 MP: 4/4
  1724 | D:2      | Noticed a scorpion
  1729 | D:2      | Killed a scorpion
  1730 | D:2      | Reached XP level 5. HP: 35/35 MP: 5/5
  2379 | D:3      | Reached XP level 6. HP: 41/41 MP: 6/6
  2450 | D:3      | Found Woecun's Weapon Boutique.
  2746 | D:3      | Found an ornate altar of the Wu Jian Council.
  2746 | D:3      | Found an opulent altar of Gozag.
  3131 | D:3      | Found a burning altar of Makhleb.
  3330 | D:3      | Reached skill level 7 in Stealth
  3764 | D:4      | Noticed Natasha
  3768 | D:4      | Noticed Pikel
  3772 | D:4      | Killed Natasha
  4090 | D:4      | Found a radiant altar of Vehumet.
  4274 | D:4      | Noticed Natasha
  4284 | D:4      | Killed Natasha
  4285 | D:4      | Reached XP level 7. HP: 32/45 MP: 7/7
  4464 | D:4      | Noticed Natasha
  4464 | D:4      | You fall into a shaft and drop 2 floors!
  4470 | D:5      | Entered Level 5 of the Dungeon
  4480 | D:5      | Slain by a gnoll

Illustrated notes

Levels and vault maps discovered:
D:1:      nagdon_arrival_double_spiral, layout_rooms, serial_shops, shop,
          shapermc_ecumenical_altar_mp_urbaneastern, st_stairs_14
D:2:      layout_rooms
D:3:      layout_rooms, mainiacjoe_overflow_24_doors,
          gammafunk_temple_overflow_statue, serial_forest,
          infiniplex_forest_clump_double, infiniplex_forest_clump_small,
          infiniplex_forest_corner_1, infiniplex_forest_corner_1,
          infiniplex_forest_pool, infiniplex_forest_clump_small,
          infiniplex_forest_lined_4_way, serial_shops, nicolae_shop_crystal,
          cheibrodos_gnoll_hut
D:4:      layout_basic, mainiacjoe_overflow_alcove_4,
          nicolae_overflow_crystal_walls, minmay_starry_boxes, uniq_natasha,
          uniq_pikel
D:5:      layout_rooms, mainiacjoe_overflow_catwalk
D:6:      layout_rooms

Skill      XL: |  1  2  3  4  5  6 |
---------------+-------------------+-----
Stealth        | 6 7 |  7.4
Throwing       | 3 4 |  4.4
Short Blades   | 3 |  3.7
Dodging        | 2 |  2.1
Fighting       | |  2.9

Action                   |  1- 3 |  4- 6 |  7- 9 || total
-------------------------+-------+-------+-------++-------
Melee: Dagger            |    52 |    87 |     8 ||   147
       Constrict         |    14 |    26 |     4 ||    44
       Tentacles         |     8 |    24 |     4 ||    36
Throw: Dart              |    42 |    34 |     2 ||    78
       Throwing net      |       |     1 |       ||     1
       Stone             |       |    10 |       ||    10
  Use: Potion            |       |       |     2 ||     2
 Stab: Sleeping          |     2 |    10 |       ||    12
       Distracted        |       |     1 |       ||     1
Armor: Skin              |     2 |     2 |     1 ||     5
Dodge: Dodged            |    32 |    52 |    14 ||    98
